AoeStats
← bigbossjames

Arabia

509382059Analyzed
2v2 RM · 7d ago on Sep 26, 2026· 79m 29s· 4 players
Game mode
Random Map
Map size
Medium (4 player)
Population
200
Speed
Normal
Resources
Standard
Victory
Conquest
Starting age
Dark Age
Ending age
Imperial Age
RankedLock teamsTeams togetherTeam positionsShared explorationLock speedFull tech treeHidden civsTurbo modeCheats
Victory
Defeat
🇺🇸 Saxons · United States
438
+13
🇺🇸 Varangians · United States
413
+14
🇹🇷 Tatars · Türkiye
381
-14
🇻🇪 Maya · Venezuela
374
-13
CarlosJesus2904
12:42 Feudal Age
13:24 Double-Bit Axe
18:50 Wheelbarrow
19:35 Town Watch
27:40 Gold Mining
27:36 Horse Collar
31:47 Forging
31:37 Scale Mail Armor
31:28 Fletching
31:38 Padded Archer Armor
31:35 Stone Mining
31:49 Arson
35:41 Castle Age
36:24 Heavy Plow
35:50 Crossbowman
36:36 Thumb Ring
36:44 Pikeman
38:59 Squires
39:16 Bow Saw
46:24 Bodkin Arrow
46:45 Leather Archer Armor
47:13 Stone Shaft Mining
47:17 Hand Cart
47:32 Town Patrol
48:18 Fortified Wall
47:50 Treadmill Crane
48:35 Caravan
52:24 Imperial Age
51:08 Ballistics
52:30 Arbalester
53:18 Bracer
53:38 Murder Holes
55:25 Halberdier
59:07 Iron Casting
58:47 Chain Mail Armor
59:03 Ring Archer Armor
59:36 Elite Plumed Archer
60:39 Conscription
61:23 Crop Rotation
63:40 Chemistry
64:41 Plate Mail Armor
65:12 Blast Furnace
74:20 Two-Man Saw
73:36 Hul'che Javelineers
73:53 Eagle Warrior
dadasulkudas
14:05 Feudal Age
14:51 Double-Bit Axe
14:50 Horse Collar
14:59 Loom
15:18 Stone Mining
17:14 Gold Mining
22:46 Arson
31:08 Castle Age
31:18 Man-at-Arms
33:54 Bow Saw
34:24 Gold Shaft Mining
34:25 Elite Skirmisher
38:14 Squires
37:34 Pikeman
37:35 Long Swordsman
38:45 Heavy Plow
40:14 Silk Armor
42:58 Imperial Age
43:44 Heavy Scorpion
45:35 Wheelbarrow
44:46 Town Watch
47:15 Chemistry
45:59 Treadmill Crane
46:57 Elite Steppe Lancer
48:46 Hand Cart
48:32 Town Patrol
51:03 Timurid Siegecraft
52:30 Elite Keshik
54:58 Bombard Tower
55:01 Ballistics
54:32 Guard Tower
54:33 Heated Shot
55:52 Capped Ram
57:21 Two-Handed Swordsman
77:08 Capped Ram
Spinosaurus320
0:27 Loom
10:54 Feudal Age
13:34 Horse Collar
14:38 Double-Bit Axe
23:56 Castle Age
22:57 Fletching
23:27 Padded Archer Armor
24:04 Gold Mining
24:22 Stone Mining
25:57 Wheelbarrow
26:56 Forging
27:22 Scale Mail Armor
28:06 Heavy Plow
28:29 Bow Saw
34:04 Bodkin Arrow
34:25 Leather Archer Armor
34:27 Chain Mail Armor
35:35 Iron Casting
37:23 Gold Shaft Mining
37:12 Caravan
38:11 Hand Cart
37:44 Town Watch
42:02 Imperial Age
39:30 Arson
39:45 Squires
39:32 Gambesons
40:41 Town Patrol
43:29 Plate Mail Armor
43:30 Ring Archer Armor
43:00 Bracer
43:35 Conscription
42:42 Shield Wall
43:37 Elite Hearth Troop
45:28 Crossbowman
46:14 Thumb Ring
46:51 Redemption
47:04 Sanctity
47:04 Block Printing
47:30 Theocracy
46:26 Clerical Recruitment
48:25 Arbalester
48:30 Elite Skirmisher
51:17 Fortified Wall
51:19 Masonry
51:46 Ballistics
52:29 Chemistry
52:32 Illumination
52:22 Siege Engineers
51:54 Elite Varangian Guard
58:14 Architecture
57:41 Murder Holes
57:28 Treadmill Crane
57:35 Arrowslits
62:27 Hoardings
66:58 Guard Tower
69:33 Keep
76:06 Capped Ram
76:36 Capped Ram
77:39 Siege Ram
bigbossjames
3:35 Loom
11:49 Feudal Age
13:12 Wheelbarrow
12:28 Double-Bit Axe
15:08 Bloodlines
18:03 Horse Collar
24:19 Castle Age
29:36 Husbandry
29:40 Stone Mining
32:50 Bow Saw
33:22 Arson
33:39 Squires
33:26 Gambesons
34:26 Scale Barding Armor
35:13 Hand Cart
35:07 Heavy Plow
36:45 Vendel Legacy
46:29 Imperial Age
43:55 Gold Mining
46:37 Caravan
47:39 Elite Jarl
48:17 Town Watch
49:23 Conscription
49:14 Town Patrol
52:31 Forging
53:30 Chain Barding Armor
56:51 Plate Barding Armor
58:59 Gothikon
60:56 Elite Varangian Guard
62:01 Scale Mail Armor
63:03 Chain Mail Armor
77:32 Iron Casting
77:26 Siege Engineers
Connection lost

Rejoining the realm…

Still unreachable

The connection could not be restored.

Session expired

The server has moved on; the page needs a fresh start.